 Dungeon Crawl Stone Soup version bcrawl-1.20.1 (webtiles) character file.

Game seed: 13026265452730688348

15 Freyura the Skirmisher (level 2, -1/24 HPs)
             Began as a Demonspawn Abyssal Knight on Jan 24, 2020.
             Was a Follower of Lugonu.
             Slain by a jackal (2 damage)
             ... on level 1 of the Dungeon.
             The game lasted 00:01:09 (736 turns).

Freyura the Skirmisher (Demonspawn Abyssal Knight)   Turns: 736, Time: 00:01:10

Health: -1/24      AC:  3    Str: 12    XL:     2   Next: 34%
Magic:  4/4        EV: 11    Int: 13    God:    Lugonu [*.....]
Gold:   0          SH:  0    Dex: 12    Spells: 1/1 levels left

rFire    . . .     SeeInvis .   k - +0 whip
rCold    . . .     Gourm    .   (no shield)
rNeg     . . .     Faith    .   b - +0 leather armour
rPois    .         Spirit   .   (no helmet)
rElec    .         Reflect  .   (no cloak)
rCorr    .         Harm     .   (no gloves)
MR       .....                  (no boots)
Stlth    +.........             (no amulet)
HPRegen  0.08/turn              (no ring)
MPRegen  0.09/turn              (no ring)

@: no status effects
A: powered by pain 1
a: Depart the Abyss, Bend Space, Renounce Religion


You were on level 1 of the Dungeon.
You worshipped Lugonu.
Lugonu was aware of your devotion.
You were not hungry.

You visited 1 branch of the dungeon, and saw 1 of its levels.
You visited the Abyss 1 time.

Inventory:

Hand Weapons
 a - a +1 mace
 k - a +0 whip (weapon)
Missiles
 c - 10 tomahawks of dispersal (quivered)
 d - 402 stones
Armour
 b - a +0 leather armour (worn)
Scrolls
 f - a scroll of magic mapping {unknown}
 h - a scroll of blinking {unknown}
 j - a scroll of fear {unknown}
Potions
 g - a potion of might {unknown}
 i - a potion of curing {unknown}
Comestibles
 e - 2 rations {!d}


   Skills:
 + Level 3.4 Fighting
 * Level 1.9 Maces & Flails
 - Level 0.8 Throwing
 + Level 1.8 Armour
 + Level 1.0 Dodging
 + Level 2.9 Invocations


You had one spell level left.
You didn't know any spells.
Your spell library was empty.

Dungeon Overview and Level Annotations

Branches:
Dungeon (1/12)

Altars:


Innate Abilities, Weirdness & Mutations

You sometimes gain a little power by taking damage.


Message History

The kobold closely misses you.
The jackal bites you but does no damage.
The jackal closely misses you.
You closely miss the kobold. The jackal bites you.
The jackal bites you but does no damage.
The kobold misses you.
You hit the kobold but do no damage. The jackal bites you.
* * * LOW HITPOINT WARNING * * *
The jackal closely misses you. The kobold barely misses you.
The jackal barely misses you.
The jackal bites you but does no damage.
You hit the kobold but do no damage. The kobold hits you with a +0 whip.
* * * LOW HITPOINT WARNING * * *
The jackal bites you.
* * * LOW HITPOINT WARNING * * *
The jackal bites you.
* * * LOW HITPOINT WARNING * * *
You completely miss the kobold. The jackal barely misses you. x2
The kobold hits you but does no damage. The jackal bites you.
You die...

.. ####..#. #.
##....... #.###
#........ ..# #.# #....
........# #.####.# ....
........###..##..##
#.#.
#................###...
#....†h...........##.).
#....K@..............).
#......h.##.......#....
#......#...............
#......##..............
#########.#............
##...........#....
#.........#..###..
###..##.#......###.#
.....#.....##...#...


You could see 2 jackals and a kobold.

Vanquished Creatures
  A dart slug (D:1)
  3 hobgoblins (D:1)
  A jackal (D:1)
  4 kobolds (D:1)
  A bat (D:1)
  2 frilled lizards (D:1)
12 creatures vanquished.

Notes
Turn   | Place    | Note
-------+----------+-------------------------------------------
     0 | Abyss:1  | Freyura the Demonspawn Abyssal Knight began the quest for
                  | the Orb.
     0 | Abyss:1  | Reached XP level 1. HP: 18/18 MP: 2/2
    59 | Abyss:1  | Noticed a spatial maelstrom
    60 | D:1      | Escaped the Abyss
   262 | D:1      | Gained mutation: You sometimes gain a little power by
                  | taking damage. [demonic ancestry]
   262 | D:1      | Reached XP level 2. HP: 4/24 MP: 4/4
   267 | D:1      | Reached * piety under Lugonu
   267 | D:1      | Reached skill level 1 in Dodging
   735 | D:1      | HP: 1/24 [jackal (2)]
   736 | D:1      | Slain by a jackal

Skill      XL: |  1  2 |
---------------+-------+-----
Dodging        | 1 |  1.0
Fighting       | |  3.4
Maces & Flails | |  1.9
Throwing       | |  0.8
Armour         | |  1.8
Invocations    | |  2.9

Action                   || total
-------------------------++-------
Melee: Mace              ||    34
       Whip              ||    15
Invok: Depart the Abyss  ||     1
Armor: Leather armour    ||    17
Dodge: Dodged            ||    50
